AoeStats
← Kurzen

Hideout

509404497Analyzed
1v1 RM · 4d ago on Sep 26, 2026· 45m 36s· 2 players
Game mode
Random Map
Map size
Tiny (2 player)
Population
200
Speed
Normal
Resources
Standard
Victory
Conquest
Starting age
Dark Age
Ending age
Imperial Age
RankedLock teamsTeams togetherTeam positionsShared explorationLock speedFull tech treeHidden civsTurbo modeCheats
Victory
Defeat
🇧🇷 Poles · Brazil
1247
+15
🇫🇷 Saxons · France
1234
-15
Kurzen
12:00 Feudal Age
10:20 Loom
13:01 Double-Bit Axe
14:31 Wheelbarrow
16:45 Castle Age
16:21 Gold Mining
16:22 Stone Mining
16:25 Fletching
18:05 Bodkin Arrow
19:06 Treadmill Crane
20:32 Guard Tower
21:58 Murder Holes
23:24 Ballistics
23:23 Town Watch
24:21 Masonry
31:06 Hand Cart
31:14 Gold Mining
31:39 Horse Collar
35:19 Imperial Age
33:30 Squires
33:16 Gambesons
33:34 Scale Mail Armor
34:24 Forging
35:00 Chain Mail Armor
34:33 Arson
36:42 Plate Mail Armor
36:48 Conscription
37:44 Heavy Plow
38:18 Fortified Wall
39:04 Iron Casting
38:04 Pikeman
38:48 Halberdier
40:52 Chemistry
41:22 Town Patrol
41:25 Bracer
41:20 Shield Wall
41:26 Shield Wall
43:15 Elite Varangian Guard
ThousandGamesStillNoob
9:38 Feudal Age
10:28 Horse Collar
11:06 Loom
14:20 Castle Age
13:44 Double-Bit Axe
16:42 Bow Saw
16:44 Heavy Plow
19:31 Fervor
20:04 Wheelbarrow
23:49 Fletching
32:32 Imperial Age
31:19 Hand Cart
32:38 Stone Mining
32:38 Gold Mining
33:26 Forging
33:21 Scale Barding Armor
34:43 Iron Casting
34:19 Szlachta Privileges
34:36 Conscription
35:07 Crop Rotation
35:07 Bloodlines
34:57 Husbandry
34:20 Cavalier
34:27 Cavalier
37:02 Chain Barding Armor
38:43 Blast Furnace
40:05 Elite Obuch
40:47 Scale Mail Armor
42:39 Chain Mail Armor
43:30 Onager
44:32 Squires
44:19 Arson
Connection lost

Rejoining the realm…

Still unreachable

The connection could not be restored.

Session expired

The server has moved on; the page needs a fresh start.